AoeStats
← Kanyaga

Arabian Desert

508948416Analyzed
1v1 RM · 8d ago on Sep 24, 2026· 52m 9s· 2 players
Game mode
Random Map
Map size
Tiny (2 player)
Population
200
Speed
Normal
Resources
Standard
Victory
Conquest
Starting age
Dark Age
Ending age
Imperial Age
RankedLock teamsTeams togetherTeam positionsShared explorationLock speedFull tech treeHidden civsTurbo modeCheats
Victory
Defeat
🇺🇸 Jurchens · United States
1649
+12
🇹🇷 Saracens · Türkiye
1565
-12
Kanyaga
3:01 Loom
9:50 Feudal Age
10:41 Double-Bit Axe
11:51 Horse Collar
15:50 Fletching
16:25 Gold Mining
19:26 Padded Archer Armor
24:57 Castle Age
24:27 Scale Mail Armor
25:52 Wheelbarrow
25:04 Crossbowman
26:09 Bodkin Arrow
29:32 Leather Archer Armor
31:11 Ballistics
33:43 Bloodlines
41:49 Light Cavalry
42:31 Husbandry
44:12 Thumb Ring
44:14 Scale Barding Armor
44:19 Forging
48:39 Imperial Age
47:35 Hand Cart
50:08 Conscription
49:24 Elite Mameluke
50:54 Chain Barding Armor
GreatPerson25
10:42 Feudal Age
9:06 Loom
11:10 Double-Bit Axe
19:20 Wheelbarrow
20:06 Scale Mail Armor
20:11 Scale Barding Armor
20:49 Scale Barding Armor
21:49 Forging
21:53 Bloodlines
22:52 Horse Collar
29:40 Castle Age
27:49 Fletching
30:04 Padded Archer Armor
30:45 Chain Barding Armor
29:47 Light Cavalry
30:46 Husbandry
30:58 Elite Skirmisher
32:45 Bodkin Arrow
34:29 Heavy Plow
34:40 Bow Saw
41:56 Hand Cart
47:30 Imperial Age
47:25 Ballistics
47:37 Gold Mining
47:39 Stone Mining
48:00 Siege Engineers
49:02 Plate Barding Armor
48:52 Conscription
48:31 Guard Tower
49:43 Chemistry
49:12 Herbal Medicine
51:31 Fortified Bastions
52:18 Fortified Wall
52:44 Thunderclap Bombs
Connection lost

Rejoining the realm…

Still unreachable

The connection could not be restored.

Session expired

The server has moved on; the page needs a fresh start.